Workbook

Sheet CU AC Rate Design
G1: BHP-11 Page 1 Date: September 30, 2021
A3: Joint Tariff Rates
A4: Common Use AC Facilities
A6: Allocation of the Revenue Credits to the Common Use AC Facilities:
A8: 1 | B8: Revenue Credits - Non-Firm transmission revenue | H8: 631954 | I8: Amount based on actual calendar year 2020
D10: =+B20 -> Entity | F10: Components of the Annual Rate (lines 6-8) | G10: % | H10: Allocated Revenue Credits
A12: 2 | D12: Black Hills | F12: =+L22 -> 29.596247 | G12: =+F12/F$15 -> 0.61720207 | H12: =+H$8*G12 -> 390043.32
A13: 3 | D13: Basin Electric | F13: =+L23 -> 16.26105 | G13: =+F13/F$15 -> 0.33910901 | H13: =+H$8*G13 -> 214301.3
A14: 4 | D14: PRECorp | F14: =+L24 -> 2.0949833 | G14: =+F14/F$15 -> 0.04368892 | H14: =+H$8*G14 -> 27609.388
A15: 5 | D15: Total | F15: =SUM(F12:F14) -> 47.95228 | G15: =+F15/F$15 -> 1 | H15: =SUM(H12:H14) -> 631954
A18: Common Use AC Facilities Rates: | E18: FOR RATES EFFECTIVE JANUARY 1, 2022
B20: Entity | D20: Component Annual Revenue Requirements | E20: Allocated Revenue Credits (lines 2-4) | F20: Net Revenue Requirements | G20: Projected 2022 Load | H20: Annual Rate
M21: Note: to address the circular reference
A22: 6 | B22: =+D12 -> Black Hills | D22: =Estimate!J122 -> 29998618 | E22: =-H12 -> -390043.32 | F22: =+E22+D22 -> 29608575 | G22: =+'WP7 CU AC LOADS'!J44*1000 -> 1000416.7 | H22: =+F22/G22 -> 29.596243 | J22: Circular Reference | L22: 29.596247 | M22: copy and paste values from cells H22:H24
A23: 7 | B23: =+D13 -> Basin Electric | D23: 16482130 | E23: =-H13 -> -214301.3 | F23: =+E23+D23 -> 16267829 | G23: =+G22 -> 1000416.7 | H23: =+F23/G23 -> 16.261053 | J23: Circular Reference | L23: 16.26105 | M23: to L22:L24 until the rates in H22:H24 no
A24: 8 | B24: =+D14 -> PRECorp | D24: 2123466 | E24: =-H14 -> -27609.388 | F24: =+E24+D24 -> 2095856.6 | G24: =+G23 -> 1000416.7 | H24: =+F24/G24 -> 2.0949837 | J24: Circular Reference | L24: 2.0949833 | M24: longer change.
A25: 9 | B25: Total | D25: =SUM(D22:D24) -> 48604214 | E25: =SUM(E22:E24) -> -631954 | F25: =SUM(F22:F24) -> 47972260 | H25: =SUM(H22:H24) -> 47.95228
A27: Rates:
A28: 10 | D28: Annual | F28: =+H25 -> 47.95228 | G28: /kW-year | H28: =ROUND(F28,2)*1000 -> 47950 | I28: MW-year
A29: =+A28+1 -> 11 | D29: Monthly | F29: =ROUND(F28/12,2) -> 4 | G29: /kW-month | H29: =F29*1000 -> 4000 | I29: MW-year
A30: =+A29+1 -> 12 | D30: Weekly | F30: =ROUND(F28/52,2) -> 0.92 | G30: /kW-week | H30: =F30*1000 -> 920 | I30: MW-year
A31: =+A30+1 -> 13 | D31: Daily On-Peak | E31: 6 days/week | F31: =+F30/6 -> 0.15333333 | G31: /kW-day | H31: =ROUND(F31,4)*1000 -> 153.3 | I31: MW-year
A32: =+A31+1 -> 14 | D32: Daily Off-Peak | E32: 7 days/week | F32: =+F30/7 -> 0.13142857 | G32: /kW-day | H32: =ROUND(F32,4)*1000 -> 131.4 | I32: MW-year
A33: =+A32+1 -> 15 | D33: Hourly On-Peak | E33: 16 hours/day | F33: =+F31/16 -> 0.0095833333 | G33: /kW-hour | H33: =ROUND(F33,5)*1000 -> 9.58 | I33: MW-year
A34: =+A33+1 -> 16 | D34: Hourly Off-Peak | E34: 24 hours/day | F34: =+F32/24 -> 0.0054761905 | G34: /kW-hour | H34: =ROUND(F34,5)*1000 -> 5.48 | I34: MW-year
A40: Check:
B42: =+D20 -> Component Annual Revenue Requirements | E42: =+D25 -> 48604214
B43: Revenue Credits | E43: =+E25 -> -631954
B44: =+F20 -> Net Revenue Requirements | E44: =+F25 -> 47972260
B45: =+G20 -> Projected 2022 Load | E45: =+G22 -> 1000416.7
B46: =+H20 -> Annual Rate | E46: =+E44/E45 -> 47.95228

Sheet Estimate
I1: Date | J1: 44469
I2: Service Year | J2: 2022
A4: Cost of Service
A5: Utilizing FERC Form 1 Data
A7: Black Hills Power, Inc.
C9: (1) | D9: (2) | E9: (3) | H9: (4) | J9: (5)
D10: Form No. 1 | G10: Allocator | J10: Transmission
A11: Line | D11: Page, Line, Col. | E11: Company Total | G11: (page 4) | J11: (Col 3 times Col 4)
A12: No. | C12: RATE BASE:
C14: GROSS PLANT IN SERVICE | D14: (Note H)
A15: 1 | C15: Production | D15: 205.46.g | E15: =+'WP6 Rate Base'!Q15 -> 6.6336095e+08 | G15: NA
A16: 2 | C16: Transmission | D16: 207.58.g | E16: =+'WP6 Rate Base'!Q16 -> 2.4114684e+08 | G16: TP | H16: =+J144 -> 0.865198 | J16: =+H16*E16 -> 2.0863976e+08
A17: 3 | C17: New Construction CUS Assets | D17: See Workpaper 2 (line 9) | E17: ='BHP WP2 Capital Additions'!F20 -> 25499023 | G17: TP | H17: =H16 -> 0.865198 | J17: =+H17*E17 -> 22061704
A18: 4 | C18: New Construction CUS Assets | D18: See Workpaper 3 (line 19 col D) | E18: ='BHP WP3 Capital Additions'!F23 -> 4492858.1 | G18: TP | H18: =H17 -> 0.865198 | J18: =+H18*E18 -> 3887211.9
A19: 5 | C19: Distribution | D19: 207.75.g | E19: =+'WP6 Rate Base'!Q17 -> 4.7303118e+08 | G19: NA
A20: 6 | C20: General & Intangible | D20: See Workpaper 4 (line 5 col 1) | E20: =+'WP6 Rate Base'!Q18 -> 60489132 | G20: W/S | H20: =J176 -> 0.11760232 | J20: =+H20*E20 -> 7113661.9
A21: 7 | C21: Allocated Plant | D21: See Workpaper 5 (line 5) | E21: =+'WP6 Rate Base'!Q19 -> 26026522 | G21: W/S | H21: =+H20 -> 0.11760232 | J21: =+H21*E21 -> 3060779.2
A22: 8 | C22: Communication System | D22: 207.94g | E22: =+'WP6 Rate Base'!Q20 -> 7278054.5 | G22: T&D | H22: =+J181 -> 0.35120482 | J22: =+H22*E22 -> 2556087.8
A23: 9 | C23: Common | D23: 356.1 | E23: =+'WP6 Rate Base'!Q21 -> 0 | G23: CE | H23: 0 | J23: =+H23*E23 -> 0
A24: 10 | C24: TOTAL GROSS PLANT | D24: ="(sum lines "&A15&" - "&A23&")" -> (sum lines 1 - 9) | E24: =SUM(E15:E23) -> 1.5013246e+09 | G24: GP= | H24: =IF(E24>0,+J24/E24,0) -> 0.16473401 | J24: =SUM(J15:J23) -> 2.4731921e+08
A25: 11
A26: 12 | C26: ACCUMULATED DEPRECIATION
A27: 13 | C27: =+C15 -> Production | D27: 219.20-24.c | E27: =+'WP6 Rate Base'!Q25 -> 2.1855938e+08 | G27: =+G15 -> NA | H27: =+H15
A28: 14 | C28: Transmission | D28: 219.25.c | E28: =+'WP6 Rate Base'!Q26 -> 44394064 | G28: TPA | H28: =+J162 -> 0.842522 | J28: =+H28*E28 -> 37402976
A29: 15 | C29: Additional Transmission Depr | D29: ="See Workpaper 2 (line 48)" -> See Workpaper 2 (line 48) | E29: ='BHP WP2 Capital Additions'!F57 -> 8910220.5 | G29: TPA | H29: =H28 -> 0.842522 | J29: =+H29*E29 -> 7507056.8
A30: 16 | C30: Distribution | D30: 219.26.c | E30: =+'WP6 Rate Base'!Q27 -> 1.5422743e+08 | G30: NA
A31: 17 | C31: =+C20 -> General & Intangible | D31: See Workpaper 4 (line 24 col 1) | E31: =+'WP6 Rate Base'!Q28 -> 29306964 | G31: =+G20 -> W/S | H31: =+H20 -> 0.11760232 | J31: =+H31*E31 -> 3446566.8
A32: 18 | C32: Allocated Plant | D32: See Workpaper 5 (line 11) | E32: =+'WP6 Rate Base'!Q29 -> 1972780 | G32: =+G21 -> W/S | H32: =+H31 -> 0.11760232 | J32: =+H32*E32 -> 232003.5
A33: 19 | C33: =+C22 -> Communication System | D33: See Workpaper 4 (line 22 col 2) | E33: =+'WP6 Rate Base'!Q30 -> 3226526.3 | G33: =+G22 -> T&D | H33: =+H22 -> 0.35120482 | J33: =+H33*E33 -> 1133171.6
A34: 20 | C34: =+C23 -> Common | D34: 356.1 | E34: =+'WP6 Rate Base'!R31 -> 0 | G34: =+G23 -> CE | H34: =+H23 -> 0 | J34: =+H34*E34 -> 0
A35: 21 | C35: TOTAL ACCUM. DEPRECIATION | D35: ="(sum lines "&A27&" - "&A34&")" -> (sum lines 13 - 20) | E35: =SUM(E27:E34) -> 4.6059736e+08 | J35: =SUM(J27:J34) -> 49721775
A36: 22
A37: 23 | C37: NET PLANT IN SERVICE
A38: 24 | C38: =+C27 -> Production | D38: ="(line "&A15&" - line "&A27&")" -> (line 1 - line 13) | E38: =E15-E27 -> 4.4480157e+08 | G38: Auto
A39: 25 | C39: Transmission | D39: ="(line "&A16&" - line "&A28&")" -> (line 2 - line 14) | E39: =E16-E28 -> 1.9675278e+08 | G39: Auto | J39: =J16-J28 -> 1.7123679e+08
A40: 26 | C40: =+C17 -> New Construction CUS Assets | D40: ="(line "&A17&" - line "&A29&")" -> (line 3 - line 15) | E40: =E17-E29 -> 16588802 | G40: Auto | J40: =J17-J29 -> 14554647
A41: 27 | C41: New Construction CUS Assets | D41: (line 4) | E41: =E18 -> 4492858.1 | G41: Auto | J41: =J18 -> 3887211.9
A42: 28 | C42: Distribution | D42: ="(line "&A19&" - line "&A30&")" -> (line 5 - line 16) | E42: =E19-E30 -> 3.1880375e+08 | G42: Auto
A43: 29 | C43: =+C31 -> General & Intangible | D43: ="(line "&A20&" - line "&A31&")" -> (line 6 - line 17) | E43: =E20-E31 -> 31182168 | G43: Auto | J43: =J20-J31 -> 3667095.1
A44: 30 | C44: Allocated Plant | D44: ="(line "&A21&" - line "&A32&")" -> (line 7 - line 18) | E44: =E21-E32 -> 24053742 | G44: Auto | J44: =J21-J32 -> 2828775.7
A45: 31 | C45: =+C33 -> Communication System | D45: ="(line "&A22&" - line "&A33&")" -> (line 8 - line 19) | E45: =E22-E33 -> 4051528.2 | G45: Auto | J45: =J22-J33 -> 1422916.3
A46: 32 | C46: =+C34 -> Common | D46: ="(line "&A23&" - line "&A34&")" -> (line 9 - line 20) | E46: =E23-E34 -> 0 | G46: Auto | J46: =J23-J34 -> 0
A47: 33 | C47: TOTAL NET PLANT | D47: ="(sum lines "&A38&" - "&A46&")" -> (sum lines 24 - 32) | E47: =E24-E35 -> 1.0407272e+09 | G47: NP= | H47: =IF(E47>0,+J47/E47,0) -> 0.18986478 | J47: =SUM(J38:J46) -> 1.9759743e+08
A48: 34
A49: 35 | C49: ADJUSTMENTS TO RATE BASE | D49: (Note A)
A50: 36 | C50: Account No. 281 (enter negative) | D50: 273.8.k | E50: =+'WP6 Rate Base'!F50 -> 0 | G50: =+G27 -> NA | H50: zero | J50: 0
A51: 37 | C51: Account No. 282 (enter negative) | D51: 275.2.k | E51: =+'WP6 Rate Base'!F51 -> -1.3479482e+08 | G51: NP | H51: =+H47 -> 0.18986478 | J51: -26343226
A52: 38 | C52: Account No. 283 (enter negative) | D52: 277.9.k | E52: =+'WP6 Rate Base'!F52 -> -17983096 | G52: =+G51 -> NP | H52: =H47 -> 0.18986478 | J52: =E52*H52 -> -3414356.5
A53: 39 | C53: Account No. 190 | D53: 234.8.c | E53: =+'WP6 Rate Base'!F53 -> 37982694 | G53: =+G52 -> NP | H53: =+H52 -> 0.18986478 | J53: =E53*H53 -> 7211575.7
A54: 40 | C54: Account No. 255 (enter negative) | D54: 267.8.h | E54: =+'WP6 Rate Base'!F54 -> 0 | G54: =+G53 -> NP | H54: =+H52 -> 0.18986478 | J54: =E54*H54 -> 0
A55: 41 | C55: FAS 109 Adjustment | D55: (232.1.f - 278.1.f - 278.3.f)*.35 | E55: =+'WP6 Rate Base'!F55 -> -93343907 | G55: =+G54 -> NP | H55: =+H54 -> 0.18986478 | J55: =+H55*E55 -> -17722720
A56: 42 | C56: TOTAL ADJUSTMENTS | D56: ="(sum lines "&A50&" - "&A55&")" -> (sum lines 36 - 41) | J56: =SUM(J50:J55) -> -40268727
A57: 43
A58: 44 | C58: LAND HELD FOR FUTURE USE | D58: 214.x.d (Notes B) | E58: 0 | G58: DA | H58: 0 | J58: =+H58*E58 -> 0
A59: 45
A60: 46 | C60: WORKING CAPITAL (Notes C & H)
A61: 47 | C61: CWC | D61: ="(1/8 * line "&A90&")" -> (1/8 * line 63) | E61: =+E90/8 -> 4206639.8 | G61: Auto | J61: =+J90/8 -> 713412.03
A62: 48 | C62: Materials & Supplies | D62: 227.5.c | E62: =+'WP6 Rate Base'!F62 -> 6109676 | G62: T&D | H62: =+J181 -> 0.35120482 | J62: =+H62*E62 -> 2145747.7
A63: 49 | C63: Materials & Supplies | D63: 227.8.c | E63: =+'WP6 Rate Base'!F63 -> 20816 | G63: TP | H63: =+J144 -> 0.865198 | J63: =+H63*E63 -> 18009.962
A64: 50 | C64: Prepayments (Account 165) | D64: 111.57.c | E64: =+'WP6 Rate Base'!F64 -> 3140099 | G64: GP | H64: =+H24 -> 0.16473401 | J64: =+H64*E64 -> 517281.09
A65: 51 | C65: TOTAL WORKING CAPITAL | D65: ="(sum lines "&A61&" - "&A64&")" -> (sum lines 47 - 50) | E65: =SUM(E61:E64) -> 13477231 | J65: =SUM(J61:J64) -> 3394450.8
A66: 52
A67: 53 | C67: TRANSMISSION RATE BASE | D67: ="(sum lines "&A47&", "&A56&", "&A58&", & "&A65&")" -> (sum lines 33, 42, 44, & 51) | J67: =+J65+J58+J56+J47 -> 1.6072316e+08
I68: Date | J68: =J1 -> 44469
I69: =$I$2 -> Service Year | J69: =$J$2 -> 2022
A71: Cost of Service
A72: Utilizing FERC Form 1 Data
A74: Black Hills Power, Inc.
C75: (1) | D75: (2) | E75: (3) | H75: (4) | J75: (5)
A77: Line | D77: Form No. 1 | G77: =+G10 -> Allocator | J77: Transmission
A78: No. | D78: Page, Line, Col. | E78: Company Total | G78: =+G11 -> (page 4) | J78: (Col 3 times Col 4)
C80: O&M
A81: =+A67+1 -> 54 | C81: Transmission | D81: 321.112.b | E81: 27933063 | G81: TP | H81: =+J144 -> 0.865198 | J81: =+H81*E81 -> 24167630
A82: =+A81+1 -> 55 | C82: Less: Account 565 and 561 | D82: 321.84-92.b & 96.b | E82: 25098727 | G82: =+G81 -> TP | H82: =+H81 -> 0.865198 | J82: =+H82*E82 -> 21715368
A83: =+A82+1 -> 56 | C83: A&G | D83: 323.194.b | E83: 32782909 | G83: W/S | H83: =+H31 -> 0.11760232 | J83: =+H83*E83 -> 3855346
A84: =+A83+1 -> 57 | C84: Less FERC Annual Fees (Note D) | D84: 350.1.b | E84: 418548 | G84: W/S | H84: 1 | J84: =+H84*E84 -> 418548
A85: =+A84+1 -> 58 | C85: Plus: Fixed PBOP expense | D85: (Note I) | E85: 227200 | G85: =G83 -> W/S | H85: =H83 -> 0.11760232 | J85: =+H85*E85 -> 26719.246
A86: =+A85+1 -> 59 | C86: Less: Actual PBOP expense | D86: (Company Records) | E86: 209561 | G86: =+G85 -> W/S | H86: =+H85 -> 0.11760232 | J86: =+H86*E86 -> 24644.859
A87: =+A86+1 -> 60 | C87: Less: EPRI & Reg. Comm. Exp. & Non-safety Ad. (Note E) | E87: 1563217.5 | G87: =G83 -> W/S | H87: =H83 -> 0.11760232 | J87: =+H87*E87 -> 183838
A88: =+A87+1 -> 61 | C88: Plus Transmission Related Reg. Comm. Exp. (Note E) | D88: (Workpaper 1 line 11) | E88: 0 | G88: =+G81 -> TP | H88: =+H81 -> 0.865198 | J88: =+H88*E88 -> 0
A89: =+A88+1 -> 62 | C89: Common | D89: =+D34 -> 356.1 | E89: 0 | G89: CE | H89: =+H34 -> 0 | J89: =+H89*E89 -> 0
A90: =+A89+1 -> 63 | C90: ="TOTAL O&M (sum lines "&A81&", "&A83&", "&A85&", "&A88&", "&A89&" less lines "&A82&", "&A84&", "&A86&" , "&A87&")" -> TOTAL O&M (sum lines 54, 56, 58, 61, 62 less lines 55, 57, 59 , 60) | E90: =+E81-E82+E83-E84-E87+E89+E88+E85-E86 -> 33653118 | J90: =+J81-J82+J83-J84-J87+J89+J88+J85-J86 -> 5707296.2
A91: =+A90+1 -> 64
A92: =+A91+1 -> 65 | C92: DEPRECIATION EXPENSE (Note I)
A93: =+A92+1 -> 66 | C93: =+C16 -> Transmission | D93: 336.7.b | E93: =+E16*'BHP WP5 Depreciation Rates'!H21 -> 5594606.7 | G93: TP | H93: =+J144 -> 0.865198 | J93: =+H93*E93 -> 4840442.5
A94: =+A93+1 -> 67 | C94: =+C17 -> New Construction CUS Assets | D94: See Workpaper 2 (line 13) | E94: ='BHP WP2 Capital Additions'!F22 -> 591577.33 | G94: TP | H94: =H93 -> 0.865198 | J94: =+H94*E94 -> 511831.53
A95: =+A94+1 -> 68 | C95: =+C18 -> New Construction CUS Assets | D95: See Workpaper 3 (line 23) | E95: ='BHP WP3 Capital Additions'!F27 -> 104234.31 | G95: TP | H95: =H94 -> 0.865198 | J95: =+H95*E95 -> 90183.315
A96: =+A95+1 -> 69 | C96: General & intangible | D96: 336.10.b & 336.1.d&e | E96: =(E20+E22)*'BHP WP5 Depreciation Rates'!H35 -> 4425197.2 | G96: W/S | H96: =H83 -> 0.11760232 | J96: =+H96*E96 -> 520413.44
A97: =+A96+1 -> 70 | C97: =+C89 -> Common | D97: 336.11.b | E97: 0 | G97: CE | H97: =+H89 -> 0 | J97: =+H97*E97 -> 0
A98: =+A97+1 -> 71 | C98: ="TOTAL DEPRECIATION (Sum lines "&A93&" - "&A97&")" -> TOTAL DEPRECIATION (Sum lines 66 - 70) | E98: =SUM(E93:E97) -> 10715616 | J98: =SUM(J93:J97) -> 5962870.8
A99: =+A98+1 -> 72
A100: =+A99+1 -> 73 | C100: TAXES OTHER THAN INCOME TAXES (Note F)
A101: =+A100+1 -> 74 | C101: LABOR RELATED
A102: =+A101+1 -> 75 | C102: Payroll | D102: 263.3i, 263.4i, 263.12i | E102: =31979+1841620+56843 -> 1930442 | G102: W/S | H102: =+J176 -> 0.11760232 | J102: =+H102*E102 -> 227024.45
A103: =+A102+1 -> 76 | C103: Highway and vehicle | D103: 263.i | E103: 0 | G103: =+G102 -> W/S | H103: =+H102 -> 0.11760232 | J103: =+H103*E103 -> 0
A104: =+A103+1 -> 77 | C104: PLANT RELATED
A105: =+A104+1 -> 78 | C105: Property | D105: 263.23i | E105: 8215840 | G105: GP | H105: =+H24 -> 0.16473401 | J105: =+H105*E105 -> 1353428.2
A106: =+A105+1 -> 79 | C106: Gross Receipts | D106: 263.i | E106: 0 | G106: =+G50 -> NA | H106: zero | J106: 0
A107: =+A106+1 -> 80 | C107: Other | D107: =+D106 -> 263.i | E107: 0 | G107: =+G105 -> GP | H107: =+H105 -> 0.16473401 | J107: =+H107*E107 -> 0
A108: =+A107+1 -> 81 | C108: ="TOTAL OTHER TAXES (sum lines "&A102&" - "&A107&")" -> TOTAL OTHER TAXES (sum lines 75 - 80) | E108: =SUM(E102:E107) -> 10146282 | J108: =SUM(J102:J107) -> 1580452.7
...

Sheet BHP WP2 Capital Additions
F1: BHP-11 Page 6
B2: WORKPAPER 2 CAPITAL ADDITIONS BLACK HILLS POWER, INC.
B4: Line
B5: No. | F5: Amount Placed
B6: 1 | C6: Monthly Additions to the CUS System (over $1,000,000) | F6: in Service
B7: =+B6+1 -> 2 | D7: 44166
B8: =+B7+1 -> 3 | D8: 44197
B9: =+B8+1 -> 4 | D9: 44228
B10: =+B9+1 -> 5 | D10: 44256
B11: =+B10+1 -> 6 | D11: 44287 | F11: 6948892
B12: =+B11+1 -> 7 | D12: 44317
B13: =+B12+1 -> 8 | D13: 44348
B14: =+B13+1 -> 9 | D14: 44378
B15: =+B14+1 -> 10 | D15: 44409
B16: =+B15+1 -> 11 | D16: 44440
B17: =+B16+1 -> 12 | D17: 44470
B18: =+B17+1 -> 13 | D18: 44501
B19: =+B18+1 -> 14 | D19: 44531 | F19: 18550131
B20: =+B19+1 -> 15 | C20: Total 2021 CUS Transmission Assets Place in Service | F20: =SUM(F7:F19) -> 25499023
B21: =+B20+1 -> 16 | D21: Transmission Plant Depreciation Rate (WP 5 line 11) | F21: ='BHP WP5 Depreciation Rates'!H21 -> 0.0232
B22: =+B21+1 -> 17 | C22: ="Annual Transmisison Depreciation Expense (line "&B20&" x line "&B21&")" -> Annual Transmisison Depreciation Expense (line 15 x line 16) | F22: =+F20*F21 -> 591577.33
B23: =+B22+1 -> 18
B24: =+B23+1 -> 19 | E24: (A) | F24: (Col A * Depr Rate/12)
B25: =+B24+1 -> 20 | E25: Asset Placed | F25: Depreciation
B26: =+B25+1 -> 21 | C26: Transmission Accumulated Depreciation for 2021 & 2022 | E26: in Service | F26: Expense
B27: =+B26+1 -> 22
B28: =+B27+1 -> 23 | D28: Jan-21 - See line 2 col 5 of Estimate | E28: =Estimate!E16+F8 -> 2.4114684e+08 | F28: =(+E28*$F$21)/12 -> 466217.23
B29: =+B28+1 -> 24 | D29: 44228 | E29: =+E28+F9 -> 2.4114684e+08 | F29: =(+E29*$F$21)/12 -> 466217.23
B30: =+B29+1 -> 25 | D30: 44256 | E30: =+E29+F10 -> 2.4114684e+08 | F30: =(+E30*$F$21)/12 -> 466217.23
B31: =+B30+1 -> 26 | D31: 44287 | E31: =+E30+F11 -> 2.4809573e+08 | F31: =(+E31*$F$21)/12 -> 479651.75
B32: =+B31+1 -> 27 | D32: 44317 | E32: =+E31+F12 -> 2.4809573e+08 | F32: =(+E32*$F$21)/12 -> 479651.75
B33: =+B32+1 -> 28 | D33: 44348 | E33: =+E32+F13 -> 2.4809573e+08 | F33: =(+E33*$F$21)/12 -> 479651.75
B34: =+B33+1 -> 29 | D34: 44378 | E34: =+E33+F14 -> 2.4809573e+08 | F34: =(+E34*$F$21)/12 -> 479651.75
B35: =+B34+1 -> 30 | D35: 44409 | E35: =+E34+F15 -> 2.4809573e+08 | F35: =(+E35*$F$21)/12 -> 479651.75
B36: =+B35+1 -> 31 | D36: 44440 | E36: =+E35+F16 -> 2.4809573e+08 | F36: =(+E36*$F$21)/12 -> 479651.75
B37: =+B36+1 -> 32 | D37: 44470 | E37: =+E36+F17 -> 2.4809573e+08 | F37: =(+E37*$F$21)/12 -> 479651.75
B38: =+B37+1 -> 33 | D38: 44501 | E38: =+E37+F18 -> 2.4809573e+08 | F38: =(+E38*$F$21)/12 -> 479651.75
B39: =+B38+1 -> 34 | D39: 44531 | E39: =+E38+F19 -> 2.6664586e+08 | F39: =(+E39*$F$21)/12 -> 515515.34
B40: =+B39+1 -> 35 | D40: Subtotal of 2021 Increase for Accumulated Depreciation | F40: =SUM(F28:F39) -> 5751381
B41: =+B40+1 -> 36 | C41: See WP3 for additional information on 2022 Transmission Additions
B42: =+B41+1 -> 37 | D42: 44562 | E42: =+E39+'BHP WP3 Capital Additions'!D10 -> 2.6664586e+08 | F42: =(+E42*$F$21)/12 -> 515515.34
B43: =+B42+1 -> 38 | D43: 44593 | E43: =+E42+'BHP WP3 Capital Additions'!D11 -> 2.6664586e+08 | F43: =(+E43*$F$21)/12 -> 515515.34
B44: =+B43+1 -> 39 | D44: 44621 | E44: =+E43+'BHP WP3 Capital Additions'!D12 -> 2.6664586e+08 | F44: =(+E44*$F$21)/12 -> 515515.34
B45: =+B44+1 -> 40 | D45: 44652 | E45: =+E44+'BHP WP3 Capital Additions'!D13 -> 2.6664586e+08 | F45: =(+E45*$F$21)/12 -> 515515.34
B46: =+B45+1 -> 41 | D46: 44682 | E46: =+E45+'BHP WP3 Capital Additions'!D14 -> 2.6664586e+08 | F46: =(+E46*$F$21)/12 -> 515515.34
B47: =+B46+1 -> 42 | D47: 44713 | E47: =+E46+'BHP WP3 Capital Additions'!D15 -> 2.6664586e+08 | F47: =(+E47*$F$21)/12 -> 515515.34
B48: =+B47+1 -> 43 | D48: 44743 | E48: =+E47+'BHP WP3 Capital Additions'!D16 -> 2.6664586e+08 | F48: =(+E48*$F$21)/12 -> 515515.34
B49: =+B48+1 -> 44 | D49: 44774 | E49: =+E48+'BHP WP3 Capital Additions'!D17 -> 2.7659936e+08 | F49: =(+E49*$F$21)/12 -> 534758.75
B50: =+B49+1 -> 45 | D50: 44805 | E50: =+E49+'BHP WP3 Capital Additions'!D18 -> 2.7659936e+08 | F50: =(+E50*$F$21)/12 -> 534758.75
B51: =+B50+1 -> 46 | D51: 44835 | E51: =+E50+'BHP WP3 Capital Additions'!D19 -> 2.7659936e+08 | F51: =(+E51*$F$21)/12 -> 534758.75
B52: =+B51+1 -> 47 | D52: 44866 | E52: =+E51+'BHP WP3 Capital Additions'!D20 -> 2.7659936e+08 | F52: =(+E52*$F$21)/12 -> 534758.75
B53: =+B52+1 -> 48 | D53: 44896 | E53: =+E52+'BHP WP3 Capital Additions'!D21 -> 2.9484653e+08 | F53: =(+E53*$F$21)/12 -> 570036.63
B54: =+B53+1 -> 49 | D54: ="Subtotal of 2022 Increase for Accumulated Depreciation (lines "&B42&"-"&B53&")" -> Subtotal of 2022 Increase for Accumulated Depreciation (lines 37-48) | F54: =SUM(F42:F53) -> 6317679
B55: =+B54+1 -> 50 | D55: ="Average 2022 Impact for rate base consideration (line "&B54&" ÷ 2)" -> Average 2022 Impact for rate base consideration (line 49 ÷ 2) | F55: =+F54/2 -> 3158839.5
B56: =+B55+1 -> 51
B57: =+B56+1 -> 52 | D57: ="Total Accumulated Depreciation for 2021 & 2022 (lines "&B40&" + "&B55&")" -> Total Accumulated Depreciation for 2021 & 2022 (lines 35 + 50) | F57: =+F40+F55 -> 8910220.5
B58: =+B57+1 -> 53
B59: =+B58+1 -> 54 | D59: Note 1: The capital additions in April 2021 (line 6) are for the 230KV Lange to SRC Line.
B60: =+B59+1 -> 55 | D60: Note 2: The capital additions in December 2021 (line 14) are for the 230KV Lange to Lookout Line.
G113: TP | H113: =+J182 -> 0
H114: =+H113 -> 0

Sheet BHP WP3 Capital Additions
F1: BHP-11 Page 7
A2: WORKPAPER 3 CAPITAL ADDITIONS BLACK HILLS POWER, INC.
A3: Line
A4: No.
A5: 1 | B5: 2022 Weighted Average Plant in Service Additions for projects over $1,000,000
A6: 2
A7: 3 | C7: (A) | D7: (B) | E7: (C) | F7: (D) = (B) * (C)/12
A8: 4 | B8: Monthly Incremental Addition to the CUS System | E8: Weighting | F8: Weighted Amount in Service
A9: 5 | C9: 44531 | E9: 12 | F9: =(+D9*E9)/12 -> 0
A10: 6 | C10: 44562 | E10: 11.5 | F10: =(+D10*E10)/12 -> 0
A11: 7 | C11: 44593 | E11: 10.5 | F11: =(+D11*E11)/12 -> 0
A12: 8 | C12: 44621 | E12: 9.5 | F12: =(+D12*E12)/12 -> 0
A13: 9 | C13: 44652 | E13: 8.5 | F13: =(+D13*E13)/12 -> 0
A14: 10 | C14: 44682 | E14: 7.5 | F14: =(+D14*E14)/12 -> 0
A15: 11 | C15: 44713 | E15: 6.5 | F15: =(+D15*E15)/12 -> 0
A16: 12 | C16: 44743 | E16: 5.5 | F16: =(+D16*E16)/12 -> 0
A17: 13 | C17: 44774 | D17: 9953491 | E17: 4.5 | F17: =(+D17*E17)/12 -> 3732559.1
A18: 14 | C18: 44805 | E18: 3.5 | F18: =(+D18*E18)/12 -> 0
A19: 15 | C19: 44835 | E19: 2.5 | F19: =(+D19*E19)/12 -> 0
A20: 16 | C20: 44866 | E20: 1.5 | F20: =(+D20*E20)/12 -> 0
A21: 17 | C21: 44896 | D21: 18247176 | E21: 0.5 | F21: =(+D21*E21)/12 -> 760299
A22: 18
A23: 19 | D23: =SUM(D9:D22) -> 28200667 | F23: =SUM(F9:F22) -> 4492858.1
A24: 20
A25: 21 | C25: Transmission Plant Depreciation Rate (WP 5 line 11) | F25: ='BHP WP2 Capital Additions'!F21 -> 0.0232
A26: 22
A27: 23 | C27: Annual Transmission Depreciation Expense (line 19 x line 21) | F27: =+F23*F25 -> 104234.31
A28: 24
A29: 25 | C29: Note 1: The capital additions in August 2022 (line 13) are for 230 KV Lookout to Bill Durfee.
A30: 26 | C30: Note 2: The capital additions in December 2022 (line 17) are for the 230 KV Bill Durfee to Hughes and the 230 KV Fall River Solar Interconnect.
A31: 27
F109: TP | G109: =+I178 -> 0
G110: =+G109 -> 0

Sheet BHP WP5 Depreciation Rates
I2: BHP-11 Page 8
B3: WORKPAPER 5 DEPRECIATION RATES BLACK HILLS POWER, INC
B9: Line | H9: Rates*
B10: No. | D10: Plant Type | H10: (Note I)
B11: 1
B12: 2 | D12: Transmission Plant
B13: 3
B14: 4 | E14: 350 | F14: Land and Land Rights | H14: 0
B15: 5 | E15: 352 | F15: Structures and Improvements | H15: 0.0239
B16: 6 | E16: 353 | F16: Station Equipment | H16: 0.0266
B17: 7 | E17: 354 | F17: Towers and Fixtures | H17: 0.0204
B18: 8 | E18: 355 | F18: Poles and Fixtures | H18: 0.0222
B19: 9 | E19: 356 | F19: Overhead Conductors and Devices | H19: 0.0204
B20: 10 | E20: 359 | F20: Roads and Trails | H20: 0.0195
B21: 11 | F21: Total Transmission Plant | H21: 0.0232
B22: 12
B23: 13 | D23: General Plant
B24: 14
B25: 15 | E25: 389 | F25: Land and Land Rights | H25: 0
B26: 16 | E26: 390 | F26: Structures and Improvements | H26: 0.0473
B27: 17 | E27: 391 | F27: Office Furniture and Equipment | H27: 0.1056
B28: 18 | E28: 392 | F28: Transportation Equipment | H28: 0.0906
B29: 19 | E29: 393 | F29: Stores Equipment | H29: 0.0423
B30: 20 | E30: 394 | F30: Tools, Shop and Garage Equipment | H30: 0.0423
B31: 21 | E31: 395 | F31: Laboratory Equipment | H31: 0.0306
B32: 22 | E32: 396 | F32: Power Operated Equipment | H32: 0.0423
B33: 23 | E33: 397 | F33: Communication Equipment | H33: 0.0439
B34: 24 | E34: 398 | F34: Miscellaneous Equipment | H34: 0.0581
B35: 25 | F35: Total General Plant | H35: 0.0653
B36: 26
B37: 27 | D37: * The above rates were developed in June 2006. See Note I on tab: Estimate.

Sheet WP6 Rate Base
A4: Cost of Service | J4: Cost of Service
A5: Utilizing FERC Form 1 Data | J5: Utilizing FERC Form 1 Data
I6: BHP-11 Page 9
A7: Black Hills Power, Inc. | J7: Black Hills Power, Inc.
D10: Form No. 1
A11: Line | D11: Page, Line, Col. | E11: Company Total
A12: No. | C12: RATE BASE: | E12: (a) | F12: (b) | G12: (c) | H12: (d) | I12: (e) | J12: (f) | K12: (g) | L12: (h) | M12: (i) | N12: (j) | O12: (k) | P12: (l) | Q12: (m) | R12: (n)
E13: 43800 | F13: 43831 | G13: 43862 | H13: 43891 | I13: 43922 | J13: 43952 | K13: 43983 | L13: 44013 | M13: 44044 | N13: 44075 | O13: 44105 | P13: 44136 | Q13: 44166 | R13: 13 month average
C14: GROSS PLANT IN SERVICE (101 & 106) | D14: (Note H) **
A15: 1 | C15: Production | D15: 205.46.g | E15: 6.162373e+08 | F15: 6.1705615e+08 | G15: 6.1452855e+08 | H15: 6.1077483e+08 | I15: 6.1003341e+08 | J15: 6.0865749e+08 | K15: 6.0866996e+08 | L15: 6.0577993e+08 | M15: 6.0617706e+08 | N15: 6.0620652e+08 | O15: 6.0662588e+08 | P15: 6.5825638e+08 | Q15: 6.6336095e+08 | R15: =AVERAGE(E15:Q15) -> 6.1787419e+08
A16: =+A15+1 -> 2 | C16: Transmission | D16: 207.58.g | E16: 2.3513583e+08 | F16: 2.3553861e+08 | G16: 2.358411e+08 | H16: 2.362194e+08 | I16: 2.366203e+08 | J16: 2.3467736e+08 | K16: 2.3478864e+08 | L16: 2.3770882e+08 | M16: 2.3774157e+08 | N16: 2.344797e+08 | O16: 2.3447443e+08 | P16: 2.3529778e+08 | Q16: 2.4114684e+08 | R16: =AVERAGE(E16:Q16) -> 2.3612849e+08
A17: =+A16+1 -> 3 | C17: Distribution | D17: 207.75.g | E17: 4.3178306e+08 | F17: 4.3276806e+08 | G17: 4.3345958e+08 | H17: 4.3495688e+08 | I17: 4.3949187e+08 | J17: 4.4589367e+08 | K17: 4.4591456e+08 | L17: 4.5006895e+08 | M17: 4.5736694e+08 | N17: 4.6205022e+08 | O17: 4.7126019e+08 | P17: 4.7465833e+08 | Q17: 4.7303118e+08 | R17: =AVERAGE(E17:Q17) -> 4.5020796e+08
A18: =+A17+1 -> 4 | C18: General & Intangible | D18: 207.99.g - line 6 | E18: 51072235 | F18: 50906875 | G18: 51496544 | H18: 51687637 | I18: 51881060 | J18: 51971375 | K18: 52047775 | L18: 52357202 | M18: 52842614 | N18: 52790087 | O18: 53835504 | P18: 56519131 | Q18: 60489132 | R18: =AVERAGE(E18:Q18) -> 53069013
A19: =+A18+1 -> 5 | C19: Allocated Plant | D19: 201.13.e + 201.13.f | E19: 31833271 | F19: 30725976 | G19: 31203294 | H19: 22485327 | I19: 22560249 | J19: 22529596 | K19: 22585132 | L19: 26785794 | M19: 26891037 | N19: 25854561 | O19: 26072019 | P19: 24523995 | Q19: 26026522 | R19: =AVERAGE(E19:Q19) -> 26159752
A20: =+A19+1 -> 6 | C20: Communication System | D20: 207.94.g | E20: 7022205.7 | F20: 7769749.8 | G20: 7323717.6 | H20: 7335249.6 | I20: 7346422.8 | J20: 7405150.4 | K20: 7282998.3 | L20: 7282829.8 | M20: 7282342.2 | N20: 7277905.8 | O20: 7277956.4 | P20: 7278047.4 | Q20: 7278054.5 | R20: =AVERAGE(E20:Q20) -> 7320202.3
A21: =+A20+1 -> 7 | C21: Common | D21: 356.1 | E21: 0 | Q21: 0 | R21: =AVERAGE(E21:Q21) -> 0
A22: =+A21+1 -> 8 | C22: TOTAL GROSS PLANT | D22: ="(sum lines "&A15&" - "&A21&")" -> (sum lines 1 - 7) | E22: =SUM(E15:E21) -> 1.3730839e+09 | F22: =SUM(F15:F21) -> 1.3747654e+09 | G22: =SUM(G15:G21) -> 1.3738528e+09 | H22: =SUM(H15:H21) -> 1.3634593e+09 | I22: =SUM(I15:I21) -> 1.3679333e+09 | J22: =SUM(J15:J21) -> 1.3711346e+09 | K22: =SUM(K15:K21) -> 1.3712891e+09 | L22: =SUM(L15:L21) -> 1.3799835e+09 | ... R22: =SUM(R15:R21) -> 1.3907596e+09
A23: =+A22+1 -> 9
A24: =+A23+1 -> 10 | C24: ACCUMULATED DEPRECIATION (108) | D24: (Note H) **
A25: =+A24+1 -> 11 | C25: =+C15 -> Production | D25: 219.20-24.c | E25: 2.1684433e+08 | F25: 2.1692072e+08 | G25: 2.1569475e+08 | H25: 2.136188e+08 | I25: 2.1338531e+08 | J25: 2.129525e+08 | K25: 2.1418138e+08 | L25: 2.1505728e+08 | M25: 2.162637e+08 | N25: 2.1737014e+08 | O25: 2.1871882e+08 | P25: 2.2018333e+08 | Q25: 2.1855938e+08 | R25: =AVERAGE(E25:Q25) -> 2.1613465e+08
A26: =+A25+1 -> 12 | C26: Transmission | D26: 219.25.c | E26: 52955589 | F26: 53411212 | G26: 53472177 | H26: 53485456 | I26: 54820092 | J26: 44749793 | K26: 45192578 | L26: 46160605 | M26: 46596894 | N26: 43599756 | O26: 44035813 | P26: 44476786 | Q26: 44394064 | R26: =AVERAGE(E26:Q26) -> 48257755
A27: =+A26+1 -> 13 | C27: Distribution | D27: 219.26.c | E27: 1.4998961e+08 | F27: 1.5042249e+08 | G27: 1.5138531e+08 | H27: 1.4987564e+08 | I27: 1.5322277e+08 | J27: 1.5425605e+08 | K27: 1.5185796e+08 | L27: 1.5592725e+08 | M27: 1.5664546e+08 | N27: 1.5398915e+08 | O27: 1.5854465e+08 | P27: 1.5943886e+08 | Q27: 1.5422743e+08 | R27: =AVERAGE(E27:Q27) -> 1.5382943e+08
A28: =+A27+1 -> 14 | C28: =+C18 -> General & Intangible | D28: See Workpaper 9 (column b) | E28: 24290489 | F28: 25822129 | G28: 26066810 | H28: 26245366 | I28: 26518620 | J28: 26633261 | K28: 26590992 | L28: 26773881 | M28: 26997740 | N28: 26244430 | O28: 26477019 | P28: 26588314 | Q28: 29306964 | R28: =AVERAGE(E28:Q28) -> 26504309
A29: =+A28+1 -> 15 | C29: Allocated Plant | D29: 201.14.e + 201.14.f | E29: 14419049 | F29: 14223228 | G29: 14488805 | H29: 724680 | I29: 1017654 | J29: 1270861 | K29: 1549328 | L29: 2943024 | M29: 3255584 | N29: 3107260 | O29: 3441111 | P29: 2132476 | Q29: 1972780 | R29: =AVERAGE(E29:Q29) -> 4965064.6
A30: =+A29+1 -> 16 | C30: =+C20 -> Communication System | D30: See Workpaper 9 (column c) | E30: 4484534.3 | F30: 2986263.5 | G30: 3021142.2 | H30: 3055126.6 | I30: 3089159.4 | J30: 3123343.2 | K30: 3026039.4 | L30: 3059705.4 | M30: 3093369.9 | N30: 3125592.5 | O30: 3159236.8 | P30: 3192881.4 | Q30: 3226526.3 | R30: =AVERAGE(E30:Q30) -> 3203301.6
A31: =+A30+1 -> 17 | C31: =+C21 -> Common | D31: 356.1 | E31: 0 | Q31: 0 | R31: =AVERAGE(E31:Q31) -> 0
A32: =+A31+1 -> 18 | C32: TOTAL ACCUM. DEPRECIATION | D32: ="(sum lines "&A25&" - "&A31&")" -> (sum lines 11 - 17) | E32: =SUM(E25:E31) -> 4.6298359e+08 | F32: =SUM(F25:F31) -> 4.6378604e+08 | G32: =SUM(G25:G31) -> 4.6412899e+08 | H32: =SUM(H25:H31) -> 4.4700506e+08 | I32: =SUM(I25:I31) -> 4.520536e+08 | J32: =SUM(J25:J31) -> 4.4298581e+08 | K32: =SUM(K25:K31) -> 4.4239828e+08 | L32: =SUM(L25:L31) -> 4.4992175e+08 | ... R32: =SUM(R25:R31) -> 4.5289451e+08
A33: =+A32+1 -> 19
A34: =+A33+1 -> 20 | C34: NET PLANT IN SERVICE | D34: (Note H) **
A35: =+A34+1 -> 21 | C35: =+C25 -> Production | D35: ="(line "&A15&" - line "&A25&")" -> (line 1 - line 11) | E35: =+E15-E25 -> 3.9939298e+08 | F35: =+F15-F25 -> 4.0013543e+08 | G35: =+G15-G25 -> 3.988338e+08 | H35: =+H15-H25 -> 3.9715603e+08 | I35: =+I15-I25 -> 3.966481e+08 | J35: =+J15-J25 -> 3.9570499e+08 | K35: =+K15-K25 -> 3.9448858e+08 | L35: =+L15-L25 -> 3.9072265e+08 | ... Q35: =+Q15-Q25 -> 4.4480157e+08 | R35: =R15-R25 -> 4.0173954e+08
A36: =+A35+1 -> 22 | C36: Transmission | D36: ="(line "&A16&" - line "&A26&")" -> (line 2 - line 12) | E36: =+E16-E26 -> 1.8218024e+08 | F36: =+F16-F26 -> 1.8212739e+08 | G36: =+G16-G26 -> 1.8236892e+08 | H36: =+H16-H26 -> 1.8273394e+08 | I36: =+I16-I26 -> 1.818002e+08 | J36: =+J16-J26 -> 1.8992757e+08 | K36: =+K16-K26 -> 1.8959606e+08 | L36: =+L16-L26 -> 1.9154821e+08 | ... Q36: =+Q16-Q26 -> 1.9675278e+08 | R36: =R16-R26 -> 1.8787074e+08
A37: =+A36+1 -> 23 | C37: Distribution | D37: ="(line "&A17&" - line "&A27&")" -> (line 3 - line 13) | E37: =+E17-E27 -> 2.8179345e+08 | F37: =+F17-F27 -> 2.8234556e+08 | G37: =+G17-G27 -> 2.8207426e+08 | H37: =+H17-H27 -> 2.8508125e+08 | I37: =+I17-I27 -> 2.862691e+08 | J37: =+J17-J27 -> 2.9163762e+08 | K37: =+K17-K27 -> 2.940566e+08 | L37: =+L17-L27 -> 2.941417e+08 | ... Q37: =+Q17-Q27 -> 3.1880375e+08 | R37: =R17-R27 -> 2.9637853e+08
A38: =+A37+1 -> 24 | C38: =+C28 -> General & Intangible | D38: ="(line "&A18&" - line "&A28&")" -> (line 4 - line 14) | E38: =+E18-E28 -> 26781746 | F38: =+F18-F28 -> 25084746 | G38: =+G18-G28 -> 25429734 | H38: =+H18-H28 -> 25442271 | I38: =+I18-I28 -> 25362440 | J38: =+J18-J28 -> 25338114 | K38: =+K18-K28 -> 25456782 | L38: =+L18-L28 -> 25583321 | ... Q38: =+Q18-Q28 -> 31182168 | R38: =R18-R28 -> 26564704
A39: =+A38+1 -> 25 | C39: Allocated Plant | D39: ="(line "&A19&" - line "&A29&")" -> (line 5 - line 15) | E39: =+E19-E29 -> 17414222 | F39: =+F19-F29 -> 16502748 | G39: =+G19-G29 -> 16714489 | H39: =+H19-H29 -> 21760647 | I39: =+I19-I29 -> 21542595 | J39: =+J19-J29 -> 21258735 | K39: =+K19-K29 -> 21035804 | L39: =+L19-L29 -> 23842770 | ... Q39: =+Q19-Q29 -> 24053742 | R39: =R19-R29 -> 21194687
A40: =+A39+1 -> 26 | C40: =+C30 -> Communication System | D40: ="(line "&A20&" - line "&A30&")" -> (line 6 - line 16) | E40: =+E20-E30 -> 2537671.4 | F40: =+F20-F30 -> 4783486.3 | G40: =+G20-G30 -> 4302575.4 | H40: =+H20-H30 -> 4280123 | I40: =+I20-I30 -> 4257263.4 | J40: =+J20-J30 -> 4281807.2 | K40: =+K20-K30 -> 4256959 | L40: =+L20-L30 -> 4223124.5 | ... Q40: =+Q20-Q30 -> 4051528.2 | R40: =R20-R30 -> 4116900.7
A41: =+A40+1 -> 27 | C41: =+C31 -> Common | D41: ="(line "&A21&" - line "&A31&")" -> (line 7 - line 17) | E41: =+E21-E31 -> 0 | F41: =+F21-F31 -> 0 | G41: =+G21-G31 -> 0 | H41: =+H21-H31 -> 0 | I41: =+I21-I31 -> 0 | J41: =+J21-J31 -> 0 | K41: =+K21-K31 -> 0 | L41: =+L21-L31 -> 0 | ... Q41: =+Q21-Q31 -> 0 | R41: =R21-R31 -> 0
A42: =+A41+1 -> 28 | C42: TOTAL NET PLANT | D42: ="(sum lines "&A35&" - "&A41&")" -> (sum lines 21 - 27) | E42: =SUM(E35:E41) -> 9.1010032e+08 | F42: =SUM(F35:F41) -> 9.1097937e+08 | G42: =SUM(G35:G41) -> 9.0972378e+08 | H42: =SUM(H35:H41) -> 9.1645426e+08 | I42: =SUM(I35:I41) -> 9.1587971e+08 | J42: =SUM(J35:J41) -> 9.2814883e+08 | K42: =SUM(K35:K41) -> 9.2889078e+08 | L42: =SUM(L35:L41) -> 9.3006177e+08 | ... R42: =SUM(R35:R41) -> 9.3786509e+08
C44: ** Columns a and m use the FERC Form 1 balance except where otherwise referenced. Columns b through l are the Company's FERC account balances.
C45: 1 Communication System Accumulated Depreciation based on Communication System Plant in Service share of General & Intangible Accumulated Depreciation.
E47: 12/31/19 & 12/31/20 average balance
A48: =+A42+1 -> 29 | E48: (a) | F48: (b) | G48: (c)
A49: =+A48+1 -> 30 | C49: ADJUSTMENTS TO RATE BASE (Notes A & H on tab: Estimate) | E49: 43800 | F49: 44166 | G49: Average Balance
A50: =+A49+1 -> 31 | C50: Account No. 281 (enter negative) | D50: 113.62.c | E50: 0 | F50: 0 | G50: =(+E50+F50)/2 -> 0
A51: =+A50+1 -> 32 | C51: Account No. 282 (enter negative) | D51: 113.63.c | E51: -1.3404366e+08 | F51: -1.3479482e+08 | G51: =(+E51+F51)/2 -> -1.3441924e+08
A52: =+A51+1 -> 33 | C52: Account No. 283 (enter negative) | D52: 113.64.c | E52: -15736812 | F52: -17983096 | G52: =(+E52+F52)/2 -> -16859954
A53: =+A52+1 -> 34 | C53: Account No. 190 | D53: 111.82.c | E53: 34673387 | F53: 37982694 | G53: =(+E53+F53)/2 -> 36328040
A54: =+A53+1 -> 35 | C54: Account No. 255 (enter negative) | D54: 113.57.c | E54: 0 | F54: 0 | G54: =(+E54+F54)/2 -> 0
A55: =+A54+1 -> 36 | C55: FAS 109 Adjustment | D55: (232.1.f - 278.3.f)*0.21 | E55: -97921553 | F55: -93343907 | G55: =(+E55+F55)/2 -> -95632730
A56: =+A55+1 -> 37 | C56: TOTAL ADJUSTMENTS | D56: ="(sum lines "&A50&" - "&A55&")" -> (sum lines 31 - 36) | E56: =SUM(E50:E55) -> -2.1302864e+08 | F56: =SUM(F50:F55) -> -2.0813913e+08 | G56: =SUM(G50:G55) -> -2.1058388e+08
A57: =+A56+1 -> 38
A58: =+A57+1 -> 39 | C58: LAND HELD FOR FUTURE USE | D58: 214.x.d (Notes B & H on tab: Estimate) | G58: =(+E58+F58)/2 -> 0
A59: =+A58+1 -> 40
A60: =+A59+1 -> 41 | C60: WORKING CAPITAL EXCLUDING CASH WORKING CAPITAL (Notes C & H on tab: Estimate)
A61: =+A60+1 -> 42
A62: =+A61+1 -> 43 | C62: Materials & Supplies | D62: 227.5.c | E62: 5361285 | F62: 6109676 | G62: =(+E62+F62)/2 -> 5735480.5
A63: =+A62+1 -> 44 | C63: Materials & Supplies | D63: 227.8.c | E63: 27318 | F63: 20816 | G63: =(+E63+F63)/2 -> 24067
A64: =+A63+1 -> 45 | C64: Prepayments (Account 165) | D64: 111.57.c | E64: 3160241 | F64: 3140099 | G64: =(+E64+F64)/2 -> 3150170
A65: =+A64+1 -> 46 | C65: TOTAL WORKING CAPITAL | D65: ="(sum lines "&A61&" - "&A64&")" -> (sum lines 42 - 45) | E65: =SUM(E62:E64) -> 8548844 | F65: =SUM(F62:F64) -> 9270591 | G65: =SUM(G62:G64) -> 8909717.5

Sheet WP7 CU AC LOADS
J2: BHP-11 Page 11
A3: Joint Tariff Rates
A4: Common Use AC Facilities
A6: Line | D6: 2021 Actual Load Data1
A7: No.
A8: 1 | D8: BHP | E8: BASIN | F8: SD | G8: CITY OF | H8: FIRM | I8: CHEYENNE | J8: TOTAL
A9: =A8+1 -> 2 | D9: TOTAL | E9: TOTAL | F9: WEST | G9: GILLETTE | H9: POINT TO POINT | I9: LIGHT CUS | J9: COMMON USE
A10: =A9+1 -> 3 | D10: LOAD | E10: LOAD | F10: LOAD | G10: LOAD | H10: LOAD | I10: LOAD | J10: AC LOAD
A11: =A10+1 -> 4 | B11: January | D11: 282 | E11: 279 | F11: 2 | G11: 50 | H11: 252 | I11: 92 | J11: =SUM(D11:I11) -> 957
A12: =A11+1 -> 5 | B12: February | D12: 324 | E12: 310 | F12: 3 | G12: 61 | H12: 252 | I12: 91 | J12: =SUM(D12:I12) -> 1041
A13: =A12+1 -> 6 | B13: March | D13: 290 | E13: 224 | F13: 2 | G13: 43 | H13: 252 | I13: 85 | J13: =SUM(D13:I13) -> 896
A14: =A13+1 -> 7 | B14: April | D14: 247 | E14: 256 | F14: 2 | G14: 44 | H14: 252 | I14: 177 | J14: =SUM(D14:I14) -> 978
A15: =A14+1 -> 8 | B15: May | D15: 226 | E15: 240 | F15: 2 | G15: 39 | H15: 252 | I15: 179 | J15: =SUM(D15:I15) -> 938
A16: =A15+1 -> 9 | B16: June | D16: 359 | E16: 251 | F16: 3 | G16: 75 | H16: 252 | I16: 169 | J16: =SUM(D16:I16) -> 1109
A17: =A16+1 -> 10 | B17: July | D17: 356 | E17: 251 | F17: 2 | G17: 68 | H17: 252 | I17: 171 | J17: =SUM(D17:I17) -> 1100
A18: =A17+1 -> 11 | B18: August | D18: 364 | E18: 299 | F18: 3 | G18: 74 | H18: 192 | I18: 123 | J18: =SUM(D18:I18) -> 1055
A19: =A18+1 -> 12 | B19: September | D19: 315 | E19: 287 | F19: 4 | G19: 67 | H19: 192 | I19: 112 | J19: =SUM(D19:I19) -> 977
A20: =A19+1 -> 13 | B20: October | D20: 275 | E20: 304 | F20: 3 | G20: 53 | H20: 192 | I20: 103 | J20: =SUM(D20:I20) -> 930
A21: =A20+1 -> 14 | B21: November | D21: 299 | E21: 325 | F21: 3 | G21: 62 | H21: 192 | I21: 109 | J21: =SUM(D21:I21) -> 990
A22: =A21+1 -> 15 | B22: December | D22: 323 | E22: 357 | F22: 2 | G22: 67 | H22: 192 | I22: 117 | J22: =SUM(D22:I22) -> 1058
A23: =A22+1 -> 16
A24: =A23+1 -> 17 | B24: ANNUAL AVERAGE MW | D24: =SUM(D11:D22)/12 -> 305 | E24: =SUM(E11:E22)/12 -> 281.91667 | F24: =SUM(F11:F22)/12 -> 2.5833333 | G24: =SUM(G11:G22)/12 -> 58.583333 | H24: =SUM(H11:H22)/12 -> 227 | I24: =SUM(I11:I22)/12 -> 127.33333 | J24: =SUM(J11:J22)/12 -> 1002.4167
A25: =A24+1 -> 18
A26: =A25+1 -> 19 | D26: 2022 Projected Load Data2
A27: =A26+1 -> 20
A28: =A27+1 -> 21 | D28: BHP | E28: BASIN | F28: SD | G28: CITY OF | H28: FIRM | I28: CHEYENNE | J28: TOTAL
A29: =A28+1 -> 22 | D29: TOTAL | E29: TOTAL | F29: WEST | G29: GILLETTE | H29: POINT TO POINT | I29: LIGHT CUS | J29: COMMON USE
A30: =A29+1 -> 23 | D30: LOAD | E30: LOAD | F30: LOAD | G30: LOAD | H30: LOAD | I30: LOAD | J30: AC LOAD
A31: =A30+1 -> 24 | B31: January | D31: 320 | E31: 366 | F31: 2 | G31: 67 | H31: 192 | I31: 116 | J31: =SUM(D31:I31) -> 1063
A32: =A31+1 -> 25 | B32: February | D32: 315 | E32: 365 | F32: 3 | G32: 63 | H32: 192 | I32: 114 | J32: =SUM(D32:I32) -> 1052
A33: =A32+1 -> 26 | B33: March | D33: 293 | E33: 332 | F33: 2 | G33: 60 | H33: 192 | I33: 105 | J33: =SUM(D33:I33) -> 984
A34: =A33+1 -> 27 | B34: April | D34: 269 | E34: 313 | F34: 2 | G34: 53 | H34: 192 | I34: 100 | J34: =SUM(D34:I34) -> 929
A35: =A34+1 -> 28 | B35: May | D35: 277 | E35: 277 | F35: 2 | G35: 57 | H35: 192 | I35: 103 | J35: =SUM(D35:I35) -> 908
A36: =A35+1 -> 29 | B36: June | D36: 343 | E36: 275 | F36: 3 | G36: 70 | H36: 192 | I36: 119 | J36: =SUM(D36:I36) -> 1002
A37: =A36+1 -> 30 | B37: July | D37: 371 | E37: 295 | F37: 2 | G37: 79 | H37: 192 | I37: 126 | J37: =SUM(D37:I37) -> 1065
A38: =A37+1 -> 31 | B38: August | D38: 365 | E38: 295 | F38: 3 | G38: 75 | H38: 192 | I38: 124 | J38: =SUM(D38:I38) -> 1054
A39: =A38+1 -> 32 | B39: September | D39: 316 | E39: 283 | F39: 4 | G39: 68 | H39: 192 | I39: 113 | J39: =SUM(D39:I39) -> 976
A40: =A39+1 -> 33 | B40: October | D40: 276 | E40: 299 | F40: 3 | G40: 54 | H40: 192 | I40: 103 | J40: =SUM(D40:I40) -> 927
A41: =A40+1 -> 34 | B41: November | D41: 300 | E41: 320 | F41: 3 | G41: 63 | H41: 192 | I41: 109 | J41: =SUM(D41:I41) -> 987
A42: =A41+1 -> 35 | B42: December | D42: 325 | E42: 353 | F42: 2 | G42: 68 | H42: 192 | I42: 118 | J42: =SUM(D42:I42) -> 1058
A43: =A42+1 -> 36
A44: =A43+1 -> 37 | B44: ANNUAL AVERAGE MW | D44: =SUM(D31:D42)/12 -> 314.16667 | E44: =SUM(E31:E42)/12 -> 314.41667 | F44: =SUM(F31:F42)/12 -> 2.5833333 | G44: =SUM(G31:G42)/12 -> 64.75 | H44: =SUM(H31:H42)/12 -> 192 | I44: =SUM(I31:I42)/12 -> 112.5 | J44: =SUM(J31:J42)/12 -> 1000.4167
A45: =A44+1 -> 38
A46: =A45+1 -> 39 | B46: 1 - Transmission actual load from OATI through June 2020. Starting July 2020, actual load from Hartigen.
A47: =A46+1 -> 40 | B47: 2 - Transmission projected load from Transmission Planning
